Map: Lerilak Crest

Players

Javert

  • Race: Zerg Zerg
  • League: Platinum

Ifuncorp - Winner!

  • Race: Zerg Zerg
  • League: Platinum

VOD

Have the link to the VOD?

Description

Time

  • Played on: Aug. 22, 2015, 8:35 p.m.
  • Length: 5:54
Show
View Real Time Build Order
Export as new Build Order

Javert Zerg 

Build Orders: Pool First 

Get SALT Encoding   

  12  0:01  Drone  
  13  0:14  Overlord  
  13  0:20  Drone  
  14  0:33  Drone x2  
  16  0:37  Drone  
  17  0:42  Extractor  
  17  0:48  Drone  
  17  0:52  Spawning Pool  
  16  0:58  Drone  
  17  1:12  Drone  
  18  1:23  Drone  
  19  1:29  Hatchery  
  18  1:34  Drone  
  19  1:41  Baneling Nest  
  19  1:46  Queen  
  20  1:51  Zergling x2  
  21  1:57  Overlord  
  21  2:03  Zergling x2  
  22  2:25  Baneling x3  
  22  2:26  Baneling  
  22  2:29  Zergling x4  
  24  2:36  Zergling x2  
  25  2:41  Queen  
  25  2:42  Queen  
  29  2:55  Drone x4  
  33  3:02  Drone x2  
  35  3:07  Metabolic Boost  
  35  3:30  Drone  
  35  3:31  Overlord x2  
  36  3:41  Evolution Chamber  
  35  3:43  Drone  
  36  3:53  Drone x4  
  36  3:54  Drone x3  
  43  4:04  Drone  
  43  4:05  Drone x2  
  43  4:07  Roach Warren  
  45  4:10  Overlord  
  45  4:20  Overlord  
  45  4:25  Lair  
  45  4:33  Overlord x2  
  45  4:47  Roach  
  45  4:48  Spine Crawler, Roach x4  
  50  5:09  Roach x2  
  49  5:21  Drone x5  
  48  5:27  Zergling x4  
Show
View Real Time Build Order
Export as new Build Order

Ifuncorp Zerg - Winner!

Build Orders: Hatch First 

Get SALT Encoding   

  12  0:03  Drone  
  13  0:17  Overlord  
  13  0:21  Drone  
  13  0:26  Drone, Extractor  
  15  0:37  Drone  
  15  0:42  Drone  
  18  0:50  Drone  
  18  1:01  Hatchery  
  17  1:05  Drone  
  18  1:15  Spawning Pool  
  18  1:16  Drone  
  18  1:23  Drone  
  19  1:28  Extractor  
  19  1:32  Drone  
  19  1:43  Drone  
  20  1:54  Overlord  
  20  2:01  Queen  
  22  2:13  Hatchery  
  22  2:14  Queen  
  23  2:21  Drone x2  
  26  2:22  Drone  
  26  2:38  Drone x3  
  26  2:43  Metabolic Boost  
  29  2:55  Drone x3  
  29  2:58  Overlord  
  32  3:18  Drone x5  
  37  3:27  Zergling x8  
  41  3:37  Evolution Chamber  
  41  3:39  Evolution Chamber  
  41  3:41  Drone x6  
  45  3:50  Overlord  
  45  3:57  Zergling x10  
  45  4:02  Overlord  
  50  4:10  Zergling x2  
  50  4:11  Zergling x4  
  53  4:19  Zergling x8  
  53  4:20  Zergling x2  
  58  4:32  Zergling x2  
  58  4:33  Zergling x8  
  63  4:42  Zergling x4  
  65  4:49  Overlord x2  
  60  5:01  Zergling x12  
  60  5:02  Zergling x2  
  65  5:11  Zergling x2  
  61  5:17  Zergling x10  
  60  5:30  Zergling x6  
  63  5:42  Hatchery  
Tags
 
Add a new tag
Caveats
  • Supply blocks, unpowered buildings, or Contaminate may cause inaccurate times.
  • Supply counts are checked every 10 seconds.